 Dungeon Crawl Stone Soup version 0.32-a0-18-g89e19f1974 (webtiles) character file.

Game seed: 8449317348610562920

52 p00ps00p the Trooper (level 3, -2/33 HPs)
             Began as a Hill Orc Fighter on Jan 16, 2024.
             Slain by a gnoll
             ... wielding a +0 flail
              (7 damage)
             ... on level 2 of the Dungeon.
             The game lasted 00:01:08 (761 turns).

p00ps00p the Trooper (Hill Orc Fighter)              Turns: 761, Time: 00:01:09

Health: -2/33      AC:  8    Str: 20    XL:     3   Next: 85%
Magic:  3/3        EV:  9    Int:  8    God:
Gold:   75         SH:  5    Dex: 16    Spells: 2/2 levels left

rFire   . . .        a - +0 war axe
rCold   . . .        c - +0 buckler
rNeg    . . .        b - +0 scale mail
rPois   .            (no helmet)
rElec   .            (no cloak)
rCorr   .            (no gloves)
SInv    .            k - +0 pair of boots
Will    .....        (no amulet) Stlth
                     h - +6 ring of dexterity
HPRegen 0.25/turn    (no ring)
MPRegen 0.08/turn

%: no passive effects
@: no status effects
A: no striking features
a: no special abilities


You were on level 2 of the Dungeon.
You visited 1 branch of the dungeon, and saw 2 of its levels.

You collected 75 gold pieces.

Inventory:

Hand Weapons
 a - a +0 war axe (weapon)
Armour
 b - a +0 scale mail (worn)
 c - a +0 buckler (worn)
 k - a +0 pair of boots (worn)
Jewellery
 h - a +6 ring of dexterity (left hand)
Scrolls
 l - a scroll of teleportation
Potions
 d - a potion of might
 e - 2 potions of attraction {unknown}
 f - a potion of enlightenment {unknown}
 g - a potion of ambrosia {unknown}
 i - a potion of haste {unknown}
 j - a potion of brilliance {unknown}


   Skills:
 + Level 4.1 Fighting
 + Level 3.5 Axes
 + Level 3.8 Armour
 + Level 3.8 Shields


You had 2 spell levels left.
You didn't know any spells.
Your spell library contained the following spells:

 Spells                   Type           Power      Damage    Failure   Level
 Apportation              Tloc           0%         N/A       83%         1
 Necrotise                Necr           0%         1d4       83%         1
 Sting                    Conj/Alch      0%         1d3       83%         1
 Summon Small Mammal      Summ           0%         N/A       83%         1


Dungeon Overview and Level Annotations

Branches:
Dungeon (2/15)

Altars:


Message History

The gnoll is severely wounded.
You closely miss the gnoll. The gnoll hits you with a +0 whip.
The gnoll closely misses you. The gnoll barely misses you.
Unknown command.
You hit the gnoll.
You kill the gnoll!
You hit the gnoll. You barely miss the gnoll. The gnoll barely misses you.
You block the gnoll's attack.
Unknown command.
You hit the gnoll but do no damage.
The gnoll is lightly wounded.
You closely miss the gnoll. x2; The gnoll closely misses you.
You block the gnoll's attack. The gnoll barely misses you.
Unknown command.
You hit the gnoll.
The gnoll is moderately wounded.
You barely miss the gnoll. You hit the gnoll. The gnoll completely misses you.
The gnoll hits you but does no damage. The gnoll hits you with a +0 flail.
Unknown command.
You slash the gnoll!
You kill the gnoll!
You barely miss the gnoll. x2; The gnoll hits you with a +0 flail!
The gnoll misses you.
The gnoll hits you but does no damage. x2
Unknown command.
You are too injured to fight recklessly!
Unknown command.
You are too injured to fight recklessly!
Unknown command.
You are too injured to fight recklessly!
Unknown command.
You barely miss the gnoll.
The gnoll is lightly wounded.
You hit the gnoll but do no damage. You block the gnoll's attack. x2
You hit the gnoll.
The gnoll is severely wounded.
You hit the gnoll. The gnoll completely misses you.
The gnoll hits you but does no damage. The gnoll hits you with a +0 flail!
* * * LOW HITPOINT WARNING * * *
The gnoll hits you with a +0 flail!
You die...

..............
##.............
#..............
.................
.................
.................. ####
...........†......
..#..........)@)...... #
#.#.# #.....)gg......
###...# #.............#
....######.....!....####
....##.....[........#
....................#
....................#
.......................
............#####.#####


You could see 2 gnolls.

Vanquished Creatures
  2 gnolls (D:2)
  A ribbon worm (D:2)
  A dart slug (D:1)
  An endoplasm (D:1)
  2 giant cockroaches (D:1)
  2 goblins (D:1)
  4 hobgoblins
  3 kobolds
  A quokka (D:1)
  4 ball pythons (D:2)
  2 bats (D:1)
  A frilled lizard (D:1)
  4 rats
28 creatures vanquished.

Notes
Turn   | Place    | Note
-------+----------+-------------------------------------------
     0 | D:1      | p00ps00p the Hill Orc Fighter began the quest for the Orb.
     0 | D:1      | Reached XP level 1. HP: 19/19 MP: 1/1
   183 | D:1      | Found a faded altar of an unknown god.
   231 | D:1      | Reached XP level 2. HP: 24/27 MP: 2/2
   694 | D:2      | Reached skill level 4 in Fighting
   694 | D:2      | Reached XP level 3. HP: 22/33 MP: 3/3
   761 | D:2      | Slain by a gnoll

Illustrated notes

Levels and vault maps discovered:
D:1:      dpeg_arrival_refuge, layout_basic,
          hellmonk_ecumenical_altar_slurped_away
D:2:      layout_rooms

Skill      XL: |  1  2 |
---------------+-------+-----
Axes           | 3 |  3.5
Fighting       | 4 |  4.1
Armour         | |  3.8
Shields        | |  3.8

Action                     || total
---------------------------++-------
  Melee: War axe           ||    86
    Use: Scroll            ||     4
 Armour: Scale mail        ||    64
  Dodge: Dodged            ||    58
  Block: Buckler           ||    28

Table legend: (Time is in decaauts)
 A = Elapsed time spent in this place.
 B = Non-inter-level travel time spent in this place.
 C = Inter-level travel time spent in this place.
 D = Time resting spent in this place.
 E = Time spent auto-exploring this place.
 F = Levels seen in this place.
 G = Mean time per level.
                   A        B        C        D        E       F      G
               +--------+--------+--------+--------+--------+-----+--------+
         Total |    793 |    767 |     26 |      0 |    528 |   2 |  396.5 |
       Dungeon |    793 |    767 |     26 |      0 |    528 |   2 |  396.5 |
               +--------+--------+--------+--------+--------+-----+--------+

Top non-repeatable levels by time:
     D:1: 637 daAuts
     D:2: 156 daAuts
